[Event "European Online Club-ch-A 2021"]
[Site "Online"]
[Date "2021.03.27"]
[Round "8.13"]
[White "Deac, Bogdan-Daniel"]
[Black "Zavgorodniy, Sergiy"]
[Result "1-0"]
[ECO "C41"]
[WhiteElo "2625"]
[BlackElo "2418"]
[Annotator "ChessBase"]
[PlyCount "51"]
[EventDate "2021.03.27"]
[EventType "team-tourn"]
[EventCountry "NET"]
[SourceTitle "playchess.com"]
[Source "ChessBase"]
[SourceQuality "1"]
[TimeControl "900+5"]

1. e4 e5 2. Nf3 d6 3. d4 exd4 4. Nxd4 Nf6 5. Nc3 Be7 6. Bf4 O-O 7. Qd2 c6 8. O-O-O b5 9. f3 b4 10. Na4 c5 11. Nb5 Nc6 12. Bxd6 a6 13. Nc7 Ra7 14. Bxe7 Qxe7 15. Nd5 Nxd5 16. Qxd5 b3 17. axb3 Nb4 18. Qxc5 Qxc5 19. Nxc5 Rc7 20. Rd4 Na2+ 21. Kb1 Rxc5 22. Ra4 f5 23. Bc4+ Kh8 24. Re1 fxe4 25. Rxe4 Bf5 26. Re2 1-0

[Event "European Online Club-ch-A 2021"]
[Site "Online"]
[Date "2021.03.27"]
[Round "8.14"]
[White "Mitusov, Semen"]
[Black "Istratescu, Andrei"]
[Result "1/2-1/2"]
[ECO "B50"]
[WhiteElo "2297"]
[BlackElo "2553"]
[Annotator "ChessBase"]
[PlyCount "93"]
[EventDate "2021.03.27"]
[EventType "team-tourn"]
[EventCountry "NET"]
[SourceTitle "playchess.com"]
[Source "ChessBase"]
[SourceQuality "1"]
[TimeControl "900+5"]

1. e4 c5 2. Nf3 d6 3. c3 Nf6 4. Bc4 g6 5. e5 dxe5 6. Nxe5 e6 7. d4 cxd4 8. cxd4 Bg7 9. O-O O-O 10. Nc3 Nc6 11. Be3 Bd7 12. Qe2 Ne7 13. Bg5 h6 14. Bh4 Nf5 15. Bxf6 Bxf6 16. Rfd1 Rc8 17. Bb3 Qe7 18. d5 Bxe5 19. Qxe5 exd5 20. Qxe7 Nxe7 21. Nxd5 Nxd5 22. Rxd5 Rc7 23. Re1 Be6 24. Rb5 Bxb3 25. Rxb3 Rd8 26. g3 Rd2 27. Re8+ Kg7 28. Kg2 b6 29. h4 Rc6 30. Re7 a5 31. Ree3 Rcc2 32. Rf3 Rxb2 33. Rbe3 Rd7 34. a3 b5 35. Re5 Rb7 36. g4 a4 37. g5 Rc2 38. gxh6+ Kxh6 39. h5 Rc6 40. hxg6 Rxg6+ 41. Kf1 Kg7 42. Rf4 Rf6 43. Rg4+ Kf8 44. Re3 b4 45. axb4 Rfb6 46. b5 Rxb5 47. Rxa4 1/2-1/2

[Event "European Online Club-ch-A 2021"]
[Site "Online"]
[Date "2021.03.27"]
[Round "8.15"]
[White "Marin, Mihail"]
[Black "Vovk, Orest"]
[Result "1-0"]
[ECO "B00"]
[WhiteElo "2502"]
[BlackElo "2315"]
[Annotator "ChessBase"]
[PlyCount "81"]
[EventDate "2021.03.27"]
[EventType "team-tourn"]
[EventCountry "NET"]
[SourceTitle "playchess.com"]
[Source "ChessBase"]
[SourceQuality "1"]
[TimeControl "900+5"]

1. d4 h6 2. e4 g5 3. Bd3 Bg7 4. c3 d6 5. Ne2 c6 6. Ng3 Nf6 7. h4 g4 8. h5 e5 9. Na3 b5 10. Nc2 Bb7 11. Ne3 Nbd7 12. Nxg4 Nxg4 13. Qxg4 Qf6 14. Nf5 Bf8 15. O-O O-O-O 16. a4 b4 17. a5 a6 18. Qe2 Nb8 19. Be3 Rg8 20. cxb4 d5 21. exd5 Rxd5 22. dxe5 Rxe5 23. Ng3 Bxb4 24. Bd4 Rxe2 25. Bxf6 Rd2 26. Bf5+ Nd7 27. Rad1 Kc7 28. Rxd2 Nxf6 29. Re2 c5 30. Re7+ Kb8 31. Rxf7 Ne8 32. Rd1 Nc7 33. Be4 Bc8 34. Nf5 Be6 35. Rf6 c4 36. Nd4 Bd7 37. Rf7 Ba4 38. Rc1 Rg4 39. Rxc4 Rxe4 40. Rxb4+ Kc8 41. Rxa4 1-0

[Event "European Online Club-ch-A 2021"]
[Site "Online"]
[Date "2021.03.27"]
[Round "8.16"]
[White "Hulka, Valentyn"]
[Black "Costachi, Mihnea"]
[Result "1/2-1/2"]
[ECO "C72"]
[WhiteElo "2089"]
[BlackElo "2471"]
[Annotator "ChessBase"]
[PlyCount "52"]
[EventDate "2021.03.27"]
[EventType "team-tourn"]
[EventCountry "NET"]
[SourceTitle "playchess.com"]
[Source "ChessBase"]
[SourceQuality "1"]
[TimeControl "900+5"]

1. e4 e5 2. Nf3 Nc6 3. Bb5 a6 4. Ba4 d6 5. O-O Bd7 6. c4 g6 7. d4 Bg7 8. Bg5 f6 9. Be3 Nh6 10. h3 O-O 11. Qd2 Nf7 12. Nc3 Nxd4 13. Nxd4 exd4 14. Bxd4 Bxa4 15. Nxa4 Ne5 16. Bxe5 fxe5 17. c5 dxc5 18. Qxd8 Rfxd8 19. Nxc5 Bf8 20. Ne6 Rdc8 21. Rfd1 Bd6 22. Rac1 h6 23. Nc5 Rcb8 24. Ne6 Rc8 25. Nc5 Rcb8 26. Ne6 Rc8 1/2-1/2

[Event "European Online Club-ch-A 2021"]
[Site "Online"]
[Date "2021.03.27"]
[Round "8.17"]
[White "Hera, Imre Jr."]
[Black "Jakubowski, Krzysztof"]
[Result "1-0"]
[ECO "A07"]
[WhiteElo "2610"]
[BlackElo "2497"]
[Annotator "ChessBase"]
[PlyCount "35"]
[EventDate "2021.03.27"]
[EventType "team-tourn"]
[EventCountry "NET"]
[SourceTitle "playchess.com"]
[Source "ChessBase"]
[SourceQuality "1"]
[TimeControl "900+5"]

1. Nf3 d5 2. g3 Nf6 3. Bg2 Bf5 4. O-O e6 5. d3 h6 6. Nfd2 Bh7 7. e4 Be7 8. Nc3 c5 9. exd5 exd5 10. Qf3 d4 11. Qxb7 dxc3 12. bxc3 O-O 13. Qxa8 Qa5 14. Qb7 Qxc3 15. Rb1 Nbd7 16. Qb3 Qa5 17. Nc4 Qa6 18. Re1 1-0

[Event "European Online Club-ch-A 2021"]
[Site "Online"]
[Date "2021.03.27"]
[Round "8.18"]
[White "Schmidek, Emil"]
[Black "Nemeth, Miklos"]
[Result "1/2-1/2"]
[ECO "E46"]
[WhiteElo "2402"]
[BlackElo "2488"]
[Annotator "ChessBase"]
[PlyCount "121"]
[EventDate "2021.03.27"]
[EventType "team-tourn"]
[EventCountry "NET"]
[SourceTitle "playchess.com"]
[Source "ChessBase"]
[SourceQuality "1"]
[TimeControl "900+5"]

1. d4 Nf6 2. c4 e6 3. Nc3 Bb4 4. e3 O-O 5. Nge2 c6 6. a3 Ba5 7. c5 d5 8. cxd6 Qxd6 9. b4 Bc7 10. g3 e5 11. Bg2 a5 12. b5 exd4 13. Nxd4 Rd8 14. bxc6 bxc6 15. Ncb5 Qe7 16. Nxc7 Qxc7 17. O-O Ra6 18. Qc2 c5 19. Nb5 Qe7 20. Bb2 Rb6 21. a4 Na6 22. Rac1 Bd7 23. Rfd1 Bxb5 24. Rxd8+ Qxd8 25. axb5 Rxb5 26. Bf1 Rb6 27. Bxa6 Rxa6 28. Qxc5 h6 29. Bd4 a4 30. Qf5 Ra8 31. Bxf6 Qxf6 32. Rc8+ Rxc8 33. Qxc8+ Kh7 34. Qc2+ g6 35. Qxa4 h5 36. Qd4 Qf5 37. Kg2 Kg8 38. e4 Qe6 39. Qd5 Qf6 40. h4 Kg7 41. Qd3 Qe5 42. Qd5 Qf6 43. Qc4 Qe5 44. Qe2 Kh7 45. Qf3 Kg7 46. Qf4 Qe6 47. Kf3 Qb3+ 48. Qe3 Qd1+ 49. Kg2 Qd6 50. Qf4 Qe6 51. e5 Qd5+ 52. Kh2 Qe6 53. Kg1 Qc6 54. f3 Qc5+ 55. Kh1 Qf2 56. Qf6+ Kg8 57. Qf4 Qf1+ 58. Kh2 Qf2+ 59. Kh1 Qf1+ 60. Kh2 Qf2+ 61. Kh1 1/2-1/2

[Event "European Online Club-ch-A 2021"]
[Site "Online"]
[Date "2021.03.27"]
[Round "8.19"]
[White "Kovacs, Gabor"]
[Black "Agopov, Mikael"]
[Result "1/2-1/2"]
[ECO "D02"]
[WhiteElo "2455"]
[BlackElo "2427"]
[Annotator "ChessBase"]
[PlyCount "62"]
[EventDate "2021.03.27"]
[EventType "team-tourn"]
[EventCountry "NET"]
[SourceTitle "playchess.com"]
[Source "ChessBase"]
[SourceQuality "1"]
[TimeControl "900+5"]

1. d4 Nf6 2. Nf3 e6 3. Bf4 d5 4. e3 c5 5. c3 Nc6 6. Nbd2 cxd4 7. exd4 Nh5 8. Bg5 Be7 9. Bxe7 Qxe7 10. Bb5 Bd7 11. O-O O-O 12. Re1 Nf4 13. Re3 a6 14. Bxc6 bxc6 15. b4 a5 16. a3 f6 17. Nb3 axb4 18. axb4 Rfb8 19. Nc5 Bc8 20. g3 Ng6 21. h4 Nf8 22. Ra4 Ra7 23. Kg2 Rba8 24. Re1 Rxa4 25. Nxa4 Qa7 26. Nc5 Qa3 27. Qd3 Qb2 28. Re2 Qa1 29. Re1 Qb2 30. Re2 Qa1 31. Re1 Qb2 1/2-1/2

[Event "European Online Club-ch-A 2021"]
[Site "Online"]
[Date "2021.03.27"]
[Round "8.20"]
[White "Noetzel, Felix"]
[Black "Csonka, Attila Istvan"]
[Result "0-1"]
[ECO "B48"]
[WhiteElo "2263"]
[BlackElo "2362"]
[Annotator "NA"]
[PlyCount "96"]
[EventDate "2021.03.27"]
[EventType "team-tourn"]
[EventCountry "NET"]
[SourceTitle "playchess.com"]
[Source "ChessBase"]
[SourceQuality "1"]
[TimeControl "900+5"]

1. e4 c5 2. Nf3 e6 3. d4 cxd4 4. Nxd4 Nc6 5. Nc3 Qc7 6. Be3 a6 7. Qd2 Nf6 8. f3 Be7 9. g4 b5 10. g5 Nh5 11. O-O-O Bb7 12. Rg1 Nxd4 13. Bxd4 Rc8 14. Bd3 O-O 15. Ne2 d5 16. e5 g6 17. Ng3 Nxg3 18. hxg3 Kg7 19. Rh1 Rh8 20. f4 Bc5 21. Bxc5 Qxc5 22. g4 d4 23. Rh3 Qd5 24. Kb1 a5 25. Re1 b4 26. Be4 Qxe4 27. Rxe4 Bxe4 28. Rh2 Rxc2 29. Qxc2 Bxc2+ 30. Kxc2 Rc8+ 31. Kd3 Rc1 32. Kxd4 a4 33. Ke4 a3 34. bxa3 bxa3 35. Rh3 Rc4+ 36. Kd3 Rxf4 37. Kc2 Rxg4 38. Rxa3 Rxg5 39. Re3 h5 40. a4 Rg4 41. Kb3 h4 42. a5 Rg3 43. Rxg3 hxg3 44. a6 g2 45. a7 g1=Q 46. a8=Q Qe3+ 47. Kc2 Qxe5 48. Qd8 g5 0-1

[Event "European Online Club-ch-A 2021"]
[Site "Online"]
[Date "2021.03.27"]
[Round "9.1"]
[White "Jakubowski, Krzysztof"]
[Black "Krieger, Markus"]
[Result "1-0"]
[ECO "A25"]
[WhiteElo "2497"]
[BlackElo "2050"]
[Annotator "ChessBase"]
[PlyCount "99"]
[EventDate "2021.03.27"]
[EventType "team-tourn"]
[EventCountry "NET"]
[SourceTitle "playchess.com"]
[Source "ChessBase"]
[SourceQuality "1"]
[TimeControl "900+5"]

1. c4 e5 2. e3 Nf6 3. Nc3 Nc6 4. a3 d5 5. cxd5 Nxd5 6. Qc2 Be6 7. Na4 a6 8. b4 Be7 9. Bb2 O-O 10. Nf3 f6 11. Rc1 Qd7 12. Be2 Rfd8 13. O-O Rac8 14. Rfd1 Qe8 15. b5 Nb8 16. bxa6 Nxa6 17. d4 exd4 18. Bxa6 bxa6 19. Nxd4 Bf7 20. Nc5 Bxc5 21. Qxc5 Rb8 22. Ba1 Rd6 23. Nf5 Rd7 24. Rd4 Rb5 25. Qc6 Rb6 26. Qa4 Be6 27. Ng3 Rbd6 28. h4 h6 29. Ne4 Rb6 30. Nc5 Re7 31. Qxe8+ Rxe8 32. Nxe6 Rbxe6 33. Rxd5 Re4 34. h5 Ra4 35. Rd3 Re7 36. g3 Kf7 37. Kg2 Ra5 38. g4 Ra4 39. Kg3 Ree4 40. Bd4 Re7 41. Rdc3 g6 42. Rc6 gxh5 43. Rxf6+ Ke8 44. gxh5 Rxa3 45. Rxh6 Ra2 46. Rg6 a5 47. h6 Rf7 48. f4 Rd7 49. Rg8+ Kf7 50. Rg7+ 1-0

[Event "European Online Club-ch-A 2021"]
[Site "Online"]
[Date "2021.03.27"]
[Round "9.2"]
[White "Ferster, Fabian"]
[Black "Schmidek, Emil"]
[Result "0-1"]
[ECO "D31"]
[WhiteElo "2149"]
[BlackElo "2402"]
[Annotator "NA"]
[PlyCount "22"]
[EventDate "2021.03.27"]
[EventType "team-tourn"]
[EventCountry "NET"]
[SourceTitle "playchess.com"]
[Source "ChessBase"]
[SourceQuality "1"]
[TimeControl "900+5"]

1. c4 e6 2. Nc3 d5 3. d4 a6 4. Nf3 dxc4 5. e4 b5 6. a4 b4 7. Na2 Bb7 8. Bxc4 Bxe4 9. O-O Nf6 10. Qb3 Nc6 11. Ng5 Na5 0-1

[Event "European Online Club-ch-A 2021"]
[Site "Online"]
[Date "2021.03.27"]
[Round "9.3"]
[White "Wintzer, Joachim"]
[Black "Frick, Renato"]
[Result "1-0"]
[ECO "D94"]
[WhiteElo "2274"]
[BlackElo "1947"]
[Annotator "NA"]
[PlyCount "61"]
[EventDate "2021.03.27"]
[EventType "team-tourn"]
[EventCountry "NET"]
[SourceTitle "playchess.com"]
[Source "ChessBase"]
[SourceQuality "1"]
[TimeControl "900+5"]

1. d4 Nf6 2. c4 g6 3. Nf3 Bg7 4. e3 c6 5. Nc3 d5 6. Bd3 Nbd7 7. O-O dxc4 8. Bxc4 Nb6 9. Bb3 Nbd5 10. Re1 Bg4 11. h3 Bxf3 12. Qxf3 O-O 13. e4 Nb6 14. Be3 a5 15. a3 Nfd7 16. Rad1 Qc7 17. Rc1 a4 18. Ba2 Qb8 19. Red1 Ra5 20. Qe2 Re8 21. f4 e6 22. Qf3 Nf6 23. Kh1 Nbd7 24. g4 c5 25. e5 Nd5 26. Nxd5 exd5 27. Qxd5 Nb6 28. Qxf7+ Kh8 29. dxc5 Rf8 30. Qe6 Na8 31. Rd7 1-0

[Event "European Online Club-ch-A 2021"]
[Site "Online"]
[Date "2021.03.27"]
[Round "9.4"]
[White "Weissenhofer, Jonas"]
[Black "Noetzel, Felix"]
[Result "0-1"]
[ECO "B21"]
[WhiteElo "1719"]
[BlackElo "2263"]
[Annotator "NA"]
[PlyCount "89"]
[EventDate "2021.03.27"]
[EventType "team-tourn"]
[EventCountry "NET"]
[SourceTitle "playchess.com"]
[Source "ChessBase"]
[SourceQuality "1"]
[TimeControl "900+5"]

1. e4 c5 2. d4 cxd4 3. c3 dxc3 4. Nxc3 Nc6 5. Nf3 e6 6. Bc4 Qc7 7. Qe2 Nf6 8. O-O Ng4 9. Rd1 Bc5 10. Be3 Nxe3 11. fxe3 O-O 12. Nd4 a6 13. Bb3 b5 14. Rac1 Qa7 15. Qf2 Bb7 16. Bc2 Ne5 17. Kh1 Rac8 18. Qg3 d6 19. Bb3 Rfe8 20. Qf4 Ba8 21. a4 b4 22. Nce2 Qb7 23. Ng3 Qe7 24. Nf3 Ng6 25. Qg4 Bxe3 26. Rxc8 Rxc8 27. Nh5 a5 28. Re1 Ba7 29. e5 Bxf3 30. Qxf3 dxe5 31. Qg4 Qc5 32. Rf1 Qd4 33. Qg3 e4 34. Qg4 e3 35. Qe2 Qd2 36. Bd1 Qxe2 37. Bxe2 Rc2 38. Ng3 e5 39. Rd1 h6 40. Rd8+ Kh7 41. Rd7 Bd4 42. Rxf7 Rc1+ 43. Bf1 Nf4 44. Kg1 e2+ 45. Kh1 0-1

[Event "European Online Club-ch-A 2021"]
[Site "Online"]
[Date "2021.03.27"]
[Round "9.5"]
[White "Zavgorodniy, Sergiy"]
[Black "Hera, Imre Jr."]
[Result "1/2-1/2"]
[ECO "B40"]
[WhiteElo "2418"]
[BlackElo "2610"]
[Annotator "ChessBase"]
[PlyCount "156"]
[EventDate "2021.03.27"]
[EventType "team-tourn"]
[EventCountry "NET"]
[SourceTitle "playchess.com"]
[Source "ChessBase"]
[SourceQuality "1"]
[TimeControl "900+5"]

1. e4 c5 2. Nf3 e6 3. b3 b6 4. Bb2 Bb7 5. d3 Nf6 6. Nbd2 d6 7. g3 Be7 8. Bg2 O-O 9. O-O Nc6 10. Re1 Qc7 11. e5 dxe5 12. Nxe5 Nd4 13. Bxb7 Qxb7 14. Ndf3 Nxf3+ 15. Qxf3 Qxf3 16. Nxf3 Nd5 17. a3 Rac8 18. c4 Bf6 19. Bxf6 Nxf6 20. d4 Rfd8 21. Rad1 Kf8 22. dxc5 Rxd1 23. Rxd1 Rxc5 24. Rd8+ Ke7 25. Ra8 a5 26. Ra7+ Ke8 27. Nd4 Ne4 28. Ra6 Nd2 29. f4 e5 30. fxe5 Rxe5 31. Rxb6 a4 32. Rb8+ Kd7 33. Rb7+ Kc8 34. Rxf7 axb3 35. Nxb3 Nxb3 36. Rxg7 h6 37. Kg2 Nd2 38. Rg6 h5 39. g4 hxg4 40. Rxg4 Re2+ 41. Kg3 Nf1+ 42. Kf4 Rxh2 43. Rg7 Rc2 44. Ke4 Rxc4+ 45. Kd3 Ra4 46. Ke2 Nh2 47. Kf2 Ng4+ 48. Ke2 Ne5 49. Kd2 Rxa3 50. Kc2 Nd7 51. Kb2 Rh3 52. Kc2 Kc7 53. Rg6 Ne5 54. Re6 Nc6 55. Rg6 Kb6 56. Rg8 Kc5 57. Rc8 Kd5 58. Kd2 Ne5 59. Rd8+ Ke4 60. Re8 Rd3+ 61. Kc2 Rd5 62. Kc3 Rc5+ 63. Kb4 Rc7 64. Kb5 Kd5 65. Kb4 Nc6+ 66. Kb3 Nd4+ 67. Kb4 Rc4+ 68. Ka3 Rc3+ 69. Kb2 Rb3+ 70. Ka2 Kc4 71. Rc8+ Kd3 72. Rd8 Rb6 73. Ka3 Kc3 74. Rc8+ Nc6 75. Ka4 Kc4 76. Ka3 Kc3 77. Ka4 Kc4 78. Ka3 Kc3 1/2-1/2

[Event "European Online Club-ch-A 2021"]
[Site "Online"]
[Date "2021.03.27"]
[Round "9.6"]
[White "Nemeth, Miklos"]
[Black "Grinev, Valeriy"]
[Result "0-1"]
[ECO "B42"]
[WhiteElo "2488"]
[BlackElo "2441"]
[Annotator "ChessBase"]
[PlyCount "128"]
[EventDate "2021.03.27"]
[EventType "team-tourn"]
[EventCountry "NET"]
[SourceTitle "playchess.com"]
[Source "ChessBase"]
[SourceQuality "1"]
[TimeControl "900+5"]

1. e4 c5 2. Nf3 e6 3. d4 cxd4 4. Nxd4 a6 5. Bd3 Bc5 6. Nb3 Be7 7. c4 d6 8. Nc3 Nf6 9. Be3 b6 10. O-O Bb7 11. a4 Nc6 12. f4 O-O 13. Qe2 Rc8 14. Rac1 Nd7 15. Bb1 Nc5 16. Nxc5 bxc5 17. Qh5 Bf6 18. e5 g6 19. Qh3 dxe5 20. Bxc5 Be7 21. Be3 f5 22. Rfd1 Qa5 23. Rd7 exf4 24. Bxf4 Qb6+ 25. Kh1 Rfd8 26. c5 Qxb2 27. Ba2 Rxd7 28. Bxe6+ Kh8 29. Bxd7 Rd8 30. Rb1 Qf2 31. Be3 Qc2 32. Rxb7 Qxc3 33. Bg1 Qc1 34. Qe3 Qxe3 35. Bxe3 Nb8 36. c6 Nxc6 37. g3 Ne5 38. Bd4 Bf6 39. Bxe5 Bxe5 40. Kg2 a5 41. Kf3 h5 42. h3 Kg8 43. Be6+ Kh8 44. Bd7 Rf8 45. Rb5 Bc3 46. Rb7 Kg7 47. Bb5+ Kh6 48. Rb6 Be5 49. Re6 Bb8 50. Re8 Rxe8 51. Bxe8 Kg5 52. h4+ Kf6 53. Bb5 Be5 54. Be8 Bc3 55. Kf2 f4 56. gxf4 Kf5 57. Kf3 Be1 58. Bd7+ Kf6 59. Bh3 Bxh4 60. Bc8 Be1 61. Bh3 Bd2 62. Bc8 Kg7 63. Bh3 Kh6 64. Be6 h4 0-1

[Event "European Online Club-ch-A 2021"]
[Site "Online"]
[Date "2021.03.27"]
[Round "9.7"]
[White "Babiy, Igor"]
[Black "Kovacs, Gabor"]
[Result "1-0"]
[ECO "E05"]
[WhiteElo "2241"]
[BlackElo "2455"]
[Annotator "ChessBase"]
[PlyCount "89"]
[EventDate "2021.03.27"]
[EventType "team-tourn"]
[EventCountry "NET"]
[SourceTitle "playchess.com"]
[Source "ChessBase"]
[SourceQuality "1"]
[TimeControl "900+5"]

1. Nf3 d5 2. c4 e6 3. g3 Nf6 4. Bg2 Be7 5. O-O O-O 6. d4 dxc4 7. Qc2 a6 8. a4 Bd7 9. Rd1 Bc6 10. Nc3 Bxf3 11. Bxf3 Nc6 12. Bxc6 bxc6 13. a5 Rb8 14. Ra4 Rb4 15. Na2 Rb5 16. Qxc4 Qd5 17. Nc3 Qxc4 18. Rxc4 Rxa5 19. Rxc6 Rc8 20. Bf4 Ne8 21. d5 exd5 22. Nxd5 Kf8 23. b4 Ra2 24. Kf1 Rd8 25. Rd3 Bd6 26. Nxc7 Bxc7 27. Bxc7 Rxd3 28. exd3 Nxc7 29. Rxc7 a5 30. bxa5 Rxa5 31. Ke2 h5 32. h4 g6 33. Ke3 Ke8 34. d4 Ra1 35. Ke4 Rf1 36. Rc2 Ke7 37. Ra2 Kd6 38. Ra6+ Ke7 39. Ra7+ Kf6 40. Ra6+ Ke7 41. Ke3 Re1+ 42. Kd2 Rf1 43. Ke2 Rb1 44. Ke3 Rf1 45. d5 1-0

[Event "European Online Club-ch-A 2021"]
[Site "Online"]
[Date "2021.03.27"]
[Round "9.8"]
[White "Csonka, Attila Istvan"]
[Black "Hulka, Valentyn"]
[Result "1-0"]
[ECO "B50"]
[WhiteElo "2362"]
[BlackElo "2089"]
[Annotator "NA"]
[PlyCount "100"]
[EventDate "2021.03.27"]
[EventType "team-tourn"]
[EventCountry "NET"]
[SourceTitle "playchess.com"]
[Source "ChessBase"]
[SourceQuality "1"]
[TimeControl "900+5"]

1. e4 c5 2. Nf3 d6 3. d4 cxd4 4. Qxd4 Nc6 5. Bb5 Bd7 6. Qd3 Nf6 7. Nc3 e6 8. Bf4 a6 9. Bxc6 Bxc6 10. O-O d5 11. e5 Ne4 12. Nd4 Nxc3 13. Qxc3 Qb6 14. Rad1 Rc8 15. Rfe1 Bb4 16. Qb3 Ba5 17. c3 Qxb3 18. axb3 Bb6 19. Nf3 Bd7 20. Be3 Bd8 21. Ra1 f6 22. b4 Kf7 23. Bc5 Bc7 24. Re3 Ra8 25. Bd4 a5 26. bxa5 Bxa5 27. g3 Bc7 28. Ree1 Bb5 29. Rad1 Ra2 30. exf6 gxf6 31. Ng5+ fxg5 32. Bxh8 Bb6 33. Rd2 g4 34. h3 h5 35. Bd4 Bc7 36. Kg2 Bd7 37. hxg4 hxg4 38. f3 Bc6 39. fxg4 e5 40. Bxe5 Bxe5 41. Rxe5 d4+ 42. Kg1 dxc3 43. Rf2+ Kg8 44. bxc3 Ra1+ 45. Rf1 Ra2 46. Rg5+ Kh7 47. Rf6 Rg2+ 48. Kf1 Rxg3 49. c4 Bf3 50. Kf2 Rh3 1-0

[Event "European Online Club-ch-A 2021"]
[Site "Online"]
[Date "2021.03.27"]
[Round "9.9"]
[White "Valdes Escobar, Alvaro"]
[Black "Deac, Bogdan-Daniel"]
[Result "0-1"]
[ECO "A33"]
[WhiteElo "2355"]
[BlackElo "2625"]
[Annotator "ChessBase"]
[PlyCount "50"]
[EventDate "2021.03.27"]
[EventType "team-tourn"]
[EventCountry "NET"]
[SourceTitle "playchess.com"]
[Source "ChessBase"]
[SourceQuality "1"]
[TimeControl "900+5"]

1. c4 c5 2. Nf3 Nc6 3. d4 cxd4 4. Nxd4 Nf6 5. Nc3 e6 6. a3 Bc5 7. e3 O-O 8. Be2 d5 9. Nf3 Bd6 10. O-O a6 11. Bd2 dxc4 12. Bxc4 b5 13. Be2 Bb7 14. Rc1 Ne5 15. Nxe5 Bxe5 16. h3 Qd7 17. Be1 Qe7 18. Qc2 Rac8 19. Qb1 Nd7 20. f4 Bf6 21. Bf2 Bxc3 22. bxc3 Qxa3 23. c4 b4 24. Qc2 Nc5 25. Ra1 Be4 0-1

[Event "European Online Club-ch-A 2021"]
[Site "Online"]
[Date "2021.03.27"]
[Round "9.10"]
[White "Istratescu, Andrei"]
[Black "Pein, Malcolm"]
[Result "1-0"]
[ECO "B07"]
[WhiteElo "2553"]
[BlackElo "2309"]
[Annotator "ChessBase"]
[PlyCount "81"]
[EventDate "2021.03.27"]
[EventType "team-tourn"]
[EventCountry "NET"]
[SourceTitle "playchess.com"]
[Source "ChessBase"]
[SourceQuality "1"]
[TimeControl "900+5"]

1. e4 d6 2. d4 Nf6 3. f3 d5 4. e5 Nfd7 5. f4 c5 6. c3 Nc6 7. Be3 cxd4 8. cxd4 Nb6 9. Nc3 Bf5 10. Nge2 Nc4 11. Bc1 Nb4 12. Qa4+ Nc6 13. Ng3 Nb6 14. Qd1 Bd7 15. b3 Rc8 16. Bb2 e6 17. Rc1 h5 18. Nge2 h4 19. Ng1 Be7 20. Nf3 a6 21. Bd3 Na7 22. O-O g6 23. Qe2 Kf8 24. g4 hxg3 25. hxg3 Qe8 26. Kg2 Kg7 27. Rh1 Rxh1 28. Rxh1 Bb4 29. Nd1 Bb5 30. Ng5 Bxd3 31. Qxd3 Qb5 32. Qxb5 Rc2+ 33. Kf3 Nxb5 34. Rh7+ Kg8 35. Rxf7 Rd2 36. Rxb7 Rxd1 37. Rxb6 Rd3+ 38. Kg4 Be1 39. Nf3 Bc3 40. Bxc3 Rxc3 41. Rxa6 1-0

[Event "European Online Club-ch-A 2021"]
[Site "Online"]
[Date "2021.03.27"]
[Round "9.11"]
[White "Czopor, Maciej"]
[Black "Marin, Mihail"]
[Result "0-1"]
[ECO "C09"]
[WhiteElo "2239"]
[BlackElo "2502"]
[Annotator "ChessBase"]
[PlyCount "78"]
[EventDate "2021.03.27"]
[EventType "team-tourn"]
[EventCountry "NET"]
[SourceTitle "playchess.com"]
[Source "ChessBase"]
[SourceQuality "1"]
[TimeControl "900+5"]

1. e4 e6 2. d4 d5 3. Nd2 c5 4. exd5 exd5 5. Ngf3 Nc6 6. Bb5 cxd4 7. O-O Bd6 8. Nb3 Nge7 9. Nbxd4 O-O 10. c3 Bg4 11. Be2 Re8 12. Bg5 a6 13. Bh4 Qc7 14. Bg3 Rad8 15. Re1 Ng6 16. Qd2 Na5 17. Qg5 Bc8 18. Rad1 h6 19. Qc1 Nc4 20. b3 Bxg3 21. hxg3 Nd6 22. Bd3 Bg4 23. Bxg6 fxg6 24. Rxe8+ Rxe8 25. Qf4 Re4 26. Qd2 Kh7 27. Nc2 Nb5 28. Qxd5 Nxc3 29. Qd3 Nxd1 30. Qxe4 Bf5 31. Qh4 Qxc2 32. g4 Bd7 33. Ng5+ Kg8 34. Nh3 g5 35. Qg3 Qe4 36. Qb8+ Kh7 37. f3 Qe3+ 38. Kh2 Bc6 39. Qd6 Nc3 0-1

[Event "European Online Club-ch-A 2021"]
[Site "Online"]
[Date "2021.03.27"]
[Round "9.12"]
[White "Arkell, Keith C"]
[Black "Royal, Shreyas"]
[Result "1/2-1/2"]
[ECO "E63"]
[WhiteElo "2381"]
[BlackElo "2121"]
[Annotator "NA"]
[PlyCount "129"]
[EventDate "2021.03.27"]
[EventType "team-tourn"]
[EventCountry "NET"]
[SourceTitle "playchess.com"]
[Source "ChessBase"]
[SourceQuality "1"]
[TimeControl "900+5"]

1. d4 Nf6 2. Nf3 g6 3. c4 Bg7 4. g3 d6 5. Bg2 O-O 6. Nc3 Nc6 7. O-O a6 8. b3 e5 9. dxe5 dxe5 10. Ba3 Re8 11. Qxd8 Rxd8 12. Rad1 Bf5 13. Nd5 e4 14. Nh4 Nxd5 15. cxd5 Nd4 16. e3 Ne2+ 17. Kh1 Nc3 18. Nxf5 gxf5 19. Rd2 Nb5 20. Be7 Rd7 21. Bg5 Bc3 22. Rdd1 Kg7 23. a4 Nd6 24. Bf4 Kf6 25. f3 Kg6 26. Bxd6 exf3 27. Rxf3 Rxd6 28. Bh3 b5 29. Bxf5+ Kg7 30. axb5 axb5 31. Rdf1 b4 32. Bd3 f6 33. Bc4 Re8 34. Kg2 Re7 35. R1f2 c6 36. dxc6 Rxc6 37. Ra2 Rd6 38. Kf2 Rd2+ 39. Rxd2 Bxd2 40. Ke2 Bc3 41. Rf4 Rd7 42. Rg4+ Kh6 43. Kf3 Re7 44. Bd5 Bd2 45. Be4 f5 46. Bxf5 Rxe3+ 47. Kg2 Rxb3 48. Rh4+ Kg5 49. Bxh7 Rb2 50. Kh3 Be3 51. Be4 b3 52. Bf3 Bg1 53. Bg2 Rd2 54. Rb4 b2 55. Rb5+ Kf6 56. Be4 Rxh2+ 57. Kg4 Bd4 58. Kf4 Rf2+ 59. Kg4 Ke6 60. Bd3 Rd2 61. Bh7 Bc3 62. Kf4 Rd4+ 63. Ke3 Rb4 64. Rxb4 Bxb4 65. Bb1 1/2-1/2

[Event "European Online Club-ch-A 2021"]
[Site "Online"]
[Date "2021.03.27"]
[Round "9.14"]
[White "Kamsky, Gata"]
[Black "Gurel, Ediz"]
[Result "1-0"]
[ECO "A47"]
[WhiteElo "2665"]
[BlackElo "2168"]
[Annotator "ChessBase"]
[PlyCount "175"]
[EventDate "2021.03.27"]
[EventType "team-tourn"]
[EventCountry "NET"]
[SourceTitle "playchess.com"]
[Source "ChessBase"]
[SourceQuality "1"]
[TimeControl "900+5"]

1. d4 Nf6 2. Nf3 e6 3. Bf4 c5 4. e3 b6 5. Nbd2 Bb7 6. h3 Be7 7. Bd3 O-O 8. O-O d6 9. Bh2 Nbd7 10. a4 a6 11. Re1 Re8 12. c3 Bf8 13. e4 e5 14. dxe5 dxe5 15. Qb3 g6 16. Bc4 Re7 17. Ng5 Qe8 18. Rad1 h6 19. Ngf3 Bg7 20. Bf1 Qb8 21. Qc2 Qc7 22. Nc4 Re6 23. Nfd2 Bc6 24. Ne3 Qb7 25. f3 b5 26. axb5 axb5 27. c4 bxc4 28. Nexc4 Qc7 29. Nb1 Nb6 30. Nc3 Nxc4 31. Bxc4 Ree8 32. Kh1 Rad8 33. Bg1 Bf8 34. Be3 Kg7 35. Qf2 Rd4 36. b3 Red8 37. Ra1 Nh5 38. Ne2 Qb6 39. Ra6 Qb7 40. Rea1 Rd1+ 41. Kh2 Rxa1 42. Rxa1 Qb4 43. Ra7 Rd7 44. Rxd7 Bxd7 45. g4 Nf6 46. Nc1 Qc3 47. Qd2 Qxd2+ 48. Bxd2 Bc6 49. Nd3 Bd6 50. Kg2 Nd7 51. Ba5 g5 52. Bd8 Nf8 53. h4 f6 54. h5 Nd7 55. Ne1 Nb8 56. Nc2 Bd7 57. Ne3 Nc6 58. Bb5 Nxd8 59. Bxd7 Bf8 60. Nf5+ Kf7 61. Bb5 Nb7 62. Bc4+ Ke8 63. Kf1 Nd6 64. Ne3 Kd7 65. Ke2 Be7 66. Kd3 Bd8 67. Nd5 Kc6 68. Ba6 Ne8 69. Ne3 Nd6 70. Kc2 Kb6 71. Bc4 Kc6 72. Kb2 Ba5 73. Nd5 Bd8 74. Ka3 Nb7 75. Ka4 Nd6 76. Ba6 f5 77. gxf5 Nxf5 78. Bb7+ Kxb7 79. exf5 e4 80. fxe4 g4 81. Ne3 g3 82. Kb5 Bc7 83. f6 Be5 84. f7 Bd6 85. Nf5 Bf8 86. Nxg3 Kc7 87. Nf5 Kd7 88. Nh4 1-0